General information
- name: 3Dgaydeath
- type: Custom game
- host: JOHN_AT_MATH
- saver: JOHN_AT_MATH
map: TerenasStand
- players: 9
- length: 06:30
- speed: Fast
- version: 1.21 W3XP
- replay type: Public
» download(21 KB)
Players
team 1 (winner)
JOHN_AT_MATH (
pink | 107 APM | 694 actions | 06:30)
1 Far Seer
1 Feral Spirit
1 Firelord
1 Summon Lava Spawn
» actions
| Assign group hotkey | 7 | |
| Build / train | 20 | |
| Enter build submenu | 13 | |
| Enter hero's abilities submenu | 2 | |
| Remove unit from queue | 5 | |
| Right click | 432 | |
| Select / deselect | 144 | |
| Select group hotkey | 43 | |
| Use ability | 28 | |
694 total
» units
| Peon | 7 | |
| Grunt | 2 | |
| Troll Headhunter/Berserker | 3 | |
12 total
» buildings
| Altar of Storms | 1 | |
| Orc Burrow | 3 | |
| Stronghold | 1 | |
| Barracks | 1 | |
| War Mill | 1 | |
| Watch Tower | 5 | |
12 total
» build order
00:07 Altar of Storms
00:24 Orc Burrow
01:53 Stronghold
02:09 Barracks
02:18 Orc Burrow
02:28 War Mill
04:26 Orc Burrow
04:59 Watch Tower
05:01 Watch Tower
05:32 Watch Tower
05:40 Watch Tower
06:04 Watch Tower
team 2 (loser)
3DGAYWORLD (
dark-green | 68 APM | 440 actions | 06:30)
1 Blademaster
1 Wind Walk
» actions
| Basic commands | 17 | |
| Build / train | 26 | |
| Enter build submenu | 13 | |
| Enter hero's abilities submenu | 1 | |
| Remove unit from queue | 2 | |
| Right click | 196 | |
| Select / deselect | 153 | |
| Use ability | 32 | |
440 total
» units
» buildings
| Orc Burrow | 3 | |
| Altar of Storms | 1 | |
| Barracks | 1 | |
| Voodoo Lounge | 1 | |
| War Mill | 1 | |
| Stronghold | 3 | |
10 total
» build order
00:06 Orc Burrow
00:08 Altar of Storms
00:59 Barracks
01:21 Orc Burrow
01:40 Voodoo Lounge
02:11 War Mill
03:25 Stronghold
03:25 Stronghold
04:40 Orc Burrow
» items
| Healing Salve | 1 | |
| Lesser Clarity Potion | 2 | |
| Scroll of Speed | 1 | |
| Potion of Healing | 1 | |
| Potion of Mana | 1 | |
6 total
observersgwbushin2008,
DirtMcGirt,
Rezifut,
KeKeZergRush,
FEEDINGSUPRSTAR,
Dexanth,
DayTripperID Chat log
(01:55 / All) 3DGAYWORLD: IT IS YOUR CHARACTER
(02:00 / All) 3DGAYWORLD: IT IS YOUR NATURE
(02:35 / All) 3DGAYWORLD: lol fag
(04:55 / All) 3DGAYWORLD: u motherfuck
(05:14 / All) JOHN_AT_MATH: get the fuvk out
(06:27 / All) 3DGAYWORLD: WELP
(06:28 / All) 3DGAYWORLD: gg